 Dungeon Crawl Stone Soup version 0.18.1-5-g4a78601 (webtiles) character file.

29 jacquesderrida the Poker (level 3, 22/27 HPs)
             Began as a Demonspawn Skald on May 14, 2016.
             Quit the game on level 2 of the Dungeon.
             The game lasted 00:01:28 (726 turns).

jacquesderrida the Poker (Demonspawn Skald)          Turns: 726, Time: 00:01:28

Health: 22/27      AC:  8    Str: 12    XL:     3   Next: 1%
Magic:  6/6        EV:  8    Int: 13    God:
Gold:   79         SH:  0    Dex: 13    Spells: 1 memorised, 5 levels left

rFire  + + .     SeeInvis .     a - +0 spear
rCold  x . .     Gourm    .     f - +0 fire dragon armour (curse)
rNeg   . . .     Faith    .     (no shield)
rPois  .         Spirit   .     (no helmet)
rElec  .         Dismiss  .     (no cloak)
rCorr  .         Reflect  .     (no gloves)
SustAt .         Harm     .     (no boots)
MR     .....                    (no amulet)
Stlth  ..........               (no ring)
                                (no ring)

@: not resistant to hostile enchantments, extremely unstealthy
A: claws 2
a: no special abilities


You were on level 2 of the Dungeon.
You were not hungry.

You visited 1 branch of the dungeon, and saw 2 of its levels.

You collected 79 gold pieces.

Inventory:

Hand Weapons
 a - a +0 spear (weapon)
Armour
 b - a +0 leather armour
 f - a cursed +0 fire dragon armour (worn)
Scrolls
 e - a scroll of fog {unknown}
 h - a scroll of random uselessness {unknown}
 k - a scroll of enchant armour {unknown}
 l - a scroll of identify {unknown}
 m - a scroll of remove curse {unknown}
Potions
 g - a potion of cure mutation {unknown}
 i - a potion of haste {unknown}
 j - a potion of magic {unknown}
Books
 c - a book of Battle

   Spells                             Type                      Level
   a - Infusion                       Charms                       1
   b - Shroud of Golubria             Charms/Translocation         2
   c - Song of Slaying                Charms                       2
   d - Spectral Weapon                Hexes/Charms                 3
   e - Regeneration                   Charms/Necromancy            3
Comestibles
 d - 2 bread rations


   Skills:
 - Level 2.0 Fighting
 + Level 3.1 Polearms
 - Level 0.8 Armour
 - Level 0.8 Dodging
 - Level 2.0 Spellcasting
 - Level 2.6 Charms


You had 5 spell levels left.
You knew the following spells:

 Your Spells              Type           Power        Failure   Level  Hunger
a - Infusion              Chrm           #...         73%         1    ##.....


Dungeon Overview and Level Annotations

Branches:
Dungeon (2/15)

Altars:


Innate Abilities, Weirdness & Mutations

You have very sharp fingernails.


Message History

You hit the dart slug but do no damage.
The dart slug is heavily wounded.
A dart slug is nearby!
You hit the dart slug.
The dart slug is severely wounded.
The dart slug launches a dart at you. The slug dart misses you.
A dart slug is nearby!
Your fire dragon armour prevents you from hitting the dart slug.
The dart slug is severely wounded.
The dart slug bites you but does no damage.
A dart slug is nearby!
You hit the dart slug.
You kill the dart slug!
You have reached level 3!
Your experience leads to an increase in your attributes!
Increase (S)trength, (I)ntelligence, or (D)exterity?
You feel agile.
Your demonic ancestry asserts itself...
Your fingernails sharpen.
Are you sure you want to abandon this character and quit the game? (Confirm with "yes".)

#########
##########.......#
#.......##.......#
#.......##.......#
#.......##.......#
#.......##.†.....#
##..)....##@.......
#>...........###.#.
#..###.#####...#
#...##.# ##.#
#...##(#######...
##...#.##..... ?#.
#####........##### .
#
.##...#............#
#.
.......#.......###.#


There were no monsters in sight!

Vanquished Creatures
  An ooze (D:2)
  A dart slug (D:2)
  A giant cockroach (D:1)
  4 hobgoblins
  3 kobolds
  A quokka (D:2)
  7 bats
  2 goblins
  2 rats
22 creatures vanquished.

Notes
Turn   | Place    | Note
--------------------------------------------------------------
     0 | D:1      | jacquesderrida the Demonspawn Skald began the quest for the Orb.
     0 | D:1      | Reached XP level 1. HP: 16/16 MP: 3/3
    48 | D:1      | Reached skill level 2 in Polearms
   328 | D:1      | Gained mutation: You have sharp fingernails. [demonic ancestry]
   328 | D:1      | Reached XP level 2. HP: 22/22 MP: 5/5
   483 | D:2      | Reached skill level 3 in Polearms
   725 | D:2      | Gained mutation: You have very sharp fingernails. [demonic ancestry]
   725 | D:2      | Reached XP level 3. HP: 22/27 MP: 6/6
   726 | D:2      | Quit the game

Skill      XL: |  1  2 |
---------------+-------+-----
Polearms       | 2 3 |  3.1
Fighting       | |  2.0
Armour         | |  0.8
Dodging        | |  0.8
Spellcasting   | |  2.0
Charms         | |  2.6

Action                   || total
-------------------------++-------
Melee: Spear             ||   117
Armor: Fire dragon armou ||    49
       Leather armour    ||     2
Dodge: Dodged            ||    51
